AoeStats
← CLOUS

Arena

506497698Analyzed
2v2 RM · 19d ago on Sep 13, 2026· 52m 57s· 4 players
Game mode
Random Map
Map size
Medium (4 player)
Population
200
Speed
Normal
Resources
Standard
Victory
Conquest
Starting age
Dark Age
Ending age
Imperial Age
RankedLock teamsTeams togetherTeam positionsShared explorationLock speedFull tech treeHidden civsTurbo modeCheats
Victory
Defeat
🇦🇷 Franks · Argentina
1277
+17
🇨🇱 Armenians · Chile
1276
+17
🇺🇸 Teutons · United States
1335
-19
🇲🇽 Burmese · Mexico
1244
-15
CLOUS
10:32 Feudal Age
14:18 Castle Age
13:24 Double-Bit Axe
14:24 Scale Barding Armor
19:06 Husbandry
19:56 Gold Mining
20:23 Loom
21:13 Wheelbarrow
20:23 Town Watch
22:58 Wheelbarrow
23:52 Stone Mining
28:09 Hand Cart
32:34 Imperial Age
32:46 Chain Barding Armor
32:36 Forging
32:23 Fletching
33:43 Forging
33:47 Town Patrol
33:27 Cavalier
34:32 Conscription
34:13 Chivalry
35:52 Murder Holes
36:18 Ballistics
36:58 Chemistry
36:42 Masonry
36:50 Bodkin Arrow
37:32 Plate Barding Armor
37:32 Iron Casting
40:15 Bow Saw
43:38 Paladin
45:24 Conscription
45:40 Hoardings
46:08 Blast Furnace
51:21 Devotion
larry fisherman
10:24 Feudal Age
10:11 Loom
16:49 Castle Age
22:28 Double-Bit Axe
26:15 Horse Collar
30:05 Wheelbarrow
31:43 Heavy Plow
33:00 Bow Saw
32:41 Gold Mining
36:54 Imperial Age
35:33 Man-at-Arms
36:15 Squires
36:16 Scale Mail Armor
36:27 Forging
36:49 Long Swordsman
37:48 Chain Mail Armor
37:42 Fereters
37:15 Pikeman
37:50 Capped Ram
38:02 Two-Handed Swordsman
39:45 Plate Mail Armor
40:42 Iron Casting
39:36 Champion
40:42 Gambesons
41:33 Conscription
43:34 Blast Furnace
43:46 Halberdier
44:28 Siege Ram
45:45 Arson
CLEVER GHOST
1:28 Loom
11:45 Feudal Age
15:27 Castle Age
21:20 Redemption
21:46 Gold Mining
29:45 Wheelbarrow
30:44 Scale Barding Armor
32:22 Bloodlines
32:42 Chain Barding Armor
38:17 Pikeman
39:00 Squires
39:57 Manipur Cavalry
44:47 Imperial Age
43:01 Scale Mail Armor
43:34 Forging
43:56 Hand Cart
44:51 Chain Mail Armor
45:12 Iron Casting
46:30 Plate Mail Armor
47:05 Horse Collar
48:49 Blast Furnace
47:17 Halberdier
VENI.VIDI.VICI.
9:18 Feudal Age
7:44 Loom
11:02 Double-Bit Axe
12:58 Fletching
22:48 Castle Age
20:52 Horse Collar
21:58 Gold Mining
24:43 Wheelbarrow
24:31 Bow Saw
28:09 Heavy Plow
29:33 Hand Cart
29:06 Town Watch
31:02 Scale Barding Armor
31:08 Forging
32:17 Chain Barding Armor
33:10 Bloodlines
36:27 Imperial Age
34:05 Town Patrol
34:54 Man-at-Arms
35:19 Gambesons
35:35 Squires
35:42 Scale Mail Armor
35:55 Long Swordsman
37:06 Chain Mail Armor
37:26 Iron Casting
36:38 Cavalier
37:23 Two-Handed Swordsman
39:06 Plate Barding Armor
38:37 Champion
41:15 Blast Furnace
41:28 Fortified Wall
40:49 Paladin
43:26 Plate Mail Armor
47:15 Chemistry
48:16 Padded Archer Armor
Connection lost

Rejoining the realm…

Still unreachable

The connection could not be restored.

Session expired

The server has moved on; the page needs a fresh start.